[Event "Condigne Dutch Open 2018"]
[Site "Dieren"]
[Date "2018.07.26"]
[Round "3"]
[White "Floor, Dirk"]
[Black "Beukema, Stefan"]
[Result "0-1"]
[ECO "A80"]
[WhiteElo "2196"]
[BlackElo "2404"]
[Annotator "NA"]
[PlyCount "78"]
[EventDate "2018.07.24"]
[EventType "swiss"]
[EventCountry "NED"]
[SourceTitle "playchess.com"]
[Source "ChessBase"]
[SourceQuality "1"]
[TimeControl "40/5400+30:1800+30"]

1. d4 f5 2. Bg5 h6 3. Bh4 g5 4. e3 Nf6 5. Bg3 d6 6. Nc3 Bg7 7. h4 g4 8. h5 Nc6 9. Nge2 e5 10. dxe5 dxe5 11. Qxd8+ Kxd8 12. Bh4 Be6 13. O-O-O+ Ke8 14. Ng3 Kf7 15. Bd3 e4 $14 16. Bb5 Ne5 17. Ba4 c5 18. Nb5 Ne8 19. Nd6+ Nxd6 20. Rxd6 Nc4 21. Rxe6 Kxe6 22. Bb3 b5 23. Bxc4+ bxc4 24. Rd1 c3 25. bxc3 Bxc3 26. Ne2 Be5 27. Bg3 Rhd8 28. Rf1 Rab8 29. Bxe5 Kxe5 30. a3 Rd6 31. Nc3 Ra6 32. Rd1 Rxa3 33. Rd5+ Ke6 34. Rxc5 Ra1+ 35. Kd2 Rd8+ 36. Ke2 Rg1 37. g3 a6 38. Rc7 Rc1 39. Na2 Rcd1 0-1

[Event "Condigne Dutch Open 2018"]
[Site "Dieren"]
[Date "2018.07.26"]
[Round "3"]
[White "Vogel, Jaap"]
[Black "Shyaamnikhil P"]
[Result "0-1"]
[ECO "A46"]
[WhiteElo "2187"]
[BlackElo "2375"]
[Annotator "NA"]
[PlyCount "59"]
[EventDate "2018.07.24"]
[EventType "swiss"]
[EventCountry "NED"]
[SourceTitle "playchess.com"]
[Source "ChessBase"]
[SourceQuality "1"]
[TimeControl "40/5400+30:1800+30"]

1. d4 Nf6 2. Nf3 e6 3. Bg5 h6 4. Bxf6 Qxf6 5. e4 d6 6. Be2 Nd7 7. O-O g5 8. Nc3 Bg7 9. Nb5 Qd8 10. a4 a6 11. Na3 Nf8 12. Nc4 Ng6 13. c3 O-O 14. e5 b6 15. exd6 cxd6 16. Qb3 Nf4 17. Bd1 Rb8 18. Qa3 g4 19. Ne1 e5 20. dxe5 dxe5 21. Ne3 Qg5 22. Bc2 Rd8 23. Rd1 Rxd1 24. Bxd1 Bf8 25. Qa1 Be6 26. Qb1 Rd8 27. Qc2 Bc5 28. Qc1 a5 29. N1c2 Bc4 30. Bxg4 0-1

[Event "Condigne Dutch Open 2018"]
[Site "Dieren"]
[Date "2018.07.26"]
[Round "3"]
[White "Van Helvoort, Rob"]
[Black "Maatman, Nick"]
[Result "0-1"]
[ECO "B07"]
[WhiteElo "2119"]
[BlackElo "2345"]
[Annotator "NA"]
[PlyCount "86"]
[EventDate "2018.07.24"]
[EventType "swiss"]
[EventCountry "NED"]
[SourceTitle "playchess.com"]
[Source "ChessBase"]
[SourceQuality "1"]
[TimeControl "40/5400+30:1800+30"]

1. d4 Nf6 2. Nf3 g6 3. Nbd2 Bg7 4. e4 d6 5. Bd3 Nbd7 6. O-O O-O 7. Re1 e5 8. c3 Re8 9. dxe5 dxe5 10. Qc2 c6 11. a4 Qc7 12. b4 a5 13. Nb3 axb4 14. cxb4 Nf8 15. Bb2 Nh5 16. g3 Bg4 17. Nfd2 Ne6 18. Kg2 Rad8 19. Bf1 Nd4 20. Nxd4 exd4 21. h3 d3 22. Qc1 Bc8 23. Bxg7 Nxg7 24. Qc3 Qd7 25. Kh2 Qd4 26. Qxd4 Rxd4 27. Rab1 f5 28. e5 Be6 29. f4 Red8 30. h4 Bd5 31. Bg2 Ne6 32. Bxd5 R8xd5 33. Nf3 Rc4 34. Red1 Rc2+ 35. Kg1 c5 36. bxc5 Nxc5 37. Rb5 Rd8 38. Ng5 d2 39. Kf1 Nxa4 40. Rxb7 Rc1 41. Nxh7 Rxd1+ 42. Kf2 Rf1+ 43. Kg2 Rf8 0-1

[Event "Condigne Dutch Open 2018"]
[Site "Dieren"]
[Date "2018.07.26"]
[Round "3"]
[White "Tromp, Pieter"]
[Black "De Jong, Migchiel"]
[Result "0-1"]
[ECO "A46"]
[WhiteElo "2097"]
[BlackElo "2339"]
[Annotator "NA"]
[PlyCount "60"]
[EventDate "2018.07.24"]
[EventType "swiss"]
[EventCountry "NED"]
[SourceTitle "playchess.com"]
[Source "ChessBase"]
[SourceQuality "1"]
[TimeControl "40/5400+30:1800+30"]

1. d4 e6 2. Nf3 c5 3. c3 Nf6 4. Bf4 Be7 5. e3 Nh5 6. Bg3 d6 7. Bd3 Nd7 8. Nbd2 h6 9. Ne4 Nxg3 10. hxg3 Qb6 11. dxc5 Nxc5 12. Nxc5 Qxc5 13. Nd4 a6 14. Qf3 Qb6 15. O-O-O Bd7 16. Kb1 Rc8 17. Ka1 Qc7 18. Qh5 Bf6 19. f4 b5 20. g4 Ke7 21. a3 g6 22. Qh2 e5 23. Nf3 a5 24. Qg3 b4 25. fxe5 dxe5 26. cxb4 axb4 27. Rc1 Qa5 28. e4 Rc3 29. Rxc3 bxc3 30. Bc4 Rb8 0-1

[Event "Condigne Dutch Open 2018"]
[Site "Dieren"]
[Date "2018.07.26"]
[Round "3"]
[White "Wedda, Dries"]
[Black "De Boer, Eelke"]
[Result "0-1"]
[ECO "E70"]
[WhiteElo "2069"]
[BlackElo "2317"]
[Annotator "NA"]
[PlyCount "84"]
[EventDate "2018.07.24"]
[EventType "swiss"]
[EventCountry "NED"]
[SourceTitle "playchess.com"]
[Source "ChessBase"]
[SourceQuality "1"]
[TimeControl "40/5400+30:1800+30"]

1. d4 Nf6 2. c4 g6 3. Nc3 Bg7 4. e4 d6 5. Nge2 O-O 6. Ng3 a6 7. Be2 c5 8. d5 b5 9. cxb5 axb5 10. Bxb5 Ba6 11. Bxa6 Nxa6 12. O-O Qb6 13. Rb1 Ne8 14. Bg5 Nf6 15. Qd2 Rfb8 16. Bh6 Bh8 17. Nf5 Ra7 18. Ne3 Qb4 19. Qc2 Ne8 20. Rfc1 Nec7 21. a4 Rab7 22. b3 Qxc3 23. Qxc3 Bxc3 24. Rxc3 Rb4 25. Nc4 Rxa4 26. Rd1 Rab4 27. e5 Rxb3 28. Rxb3 Rxb3 29. exd6 exd6 30. Nxd6 Nxd5 31. h4 Nac7 32. Ne4 c4 33. Rd4 c3 34. Rc4 f5 35. Ng5 Rb1+ 36. Kh2 Rb4 37. Rxb4 Nxb4 38. Nf3 Nb5 39. h5 Nd3 40. hxg6 hxg6 41. Bd2 cxd2 42. Nxd2 Nxf2 0-1

[Event "Condigne Dutch Open 2018"]
[Site "Dieren"]
[Date "2018.07.27"]
[Round "4"]
[White "L'Ami, Erwin"]
[Black "Ikonnikov, Vyacheslav"]
[Result "1/2-1/2"]
[ECO "B32"]
[WhiteElo "2636"]
[BlackElo "2536"]
[Annotator "ChessBase"]
[PlyCount "122"]
[EventDate "2018.07.24"]
[EventType "swiss"]
[EventCountry "NED"]
[SourceTitle "playchess.com"]
[Source "ChessBase"]
[SourceQuality "1"]
[TimeControl "40/5400+30:1800+30"]

1. e4 c5 2. Nf3 Nc6 3. d4 cxd4 4. Nxd4 e5 5. Nb5 d6 6. N1c3 a6 7. Na3 Be7 8. Be3 Nf6 9. Nc4 b5 10. Nb6 Rb8 11. Nxc8 Qxc8 12. Be2 O-O 13. O-O Na5 14. Bg5 Qb7 15. Bxf6 Bxf6 16. Nd5 Bd8 17. c3 Nc6 18. Qd3 Ne7 19. Rfd1 Nxd5 20. Qxd5 Bc7 21. Qxb7 Rxb7 22. b4 a5 23. Rd5 Rfb8 24. Rc1 Kf8 25. bxa5 Ra7 26. Bxb5 Rxa5 27. a4 Ke7 28. Rcd1 Rd8 29. g3 Ra7 30. f4 f6 31. Kg2 Ba5 32. c4 Bb6 33. R5d3 Bd4 34. Rxd4 exd4 35. Kf3 Rda8 36. Ra1 g5 37. f5 h5 38. Ke2 Kd8 39. Kd3 Rc7 40. Kxd4 Rc5 41. h4 g4 42. a5 Kc7 43. a6 Kb6 44. a7 Rxa7 45. Rxa7 Kxa7 46. Be8 Ra5 47. Bxh5 Ra3 48. Bxg4 Rxg3 49. Bh5 Kb6 50. Kd5 Kc7 51. Ke6 Rh3 52. Kxf6 Rxh4 53. Bf7 Rxe4 54. Bd5 Re1 55. Kf7 Kd8 56. f6 Kd7 57. Bg2 Re3 58. Bd5 Re1 59. Kg7 Rg1+ 60. Kf8 Rf1 61. Kf7 Kc7 1/2-1/2

[Event "Condigne Dutch Open 2018"]
[Site "Dieren"]
[Date "2018.07.27"]
[Round "4"]
[White "Reinderman, Dimitri"]
[Black "Himanshu, Sharma"]
[Result "1-0"]
[ECO "A03"]
[WhiteElo "2575"]
[BlackElo "2420"]
[Annotator "RC"]
[PlyCount "137"]
[EventDate "2018.07.24"]
[EventType "swiss"]
[EventCountry "NED"]
[SourceTitle "playchess.com"]
[Source "ChessBase"]
[SourceQuality "1"]
[TimeControl "40/5400+30:1800+30"]

1. f4 d5 2. Nf3 Nf6 3. g3 Bf5 4. Bg2 e6 5. d3 Be7 6. O-O h6 7. Ne5 c6 8. Nd2 O-O 9. e4 Bh7 10. Qe2 Na6 11. Kh1 Ne8 12. h4 Nd6 13. h5 Qe8 14. g4 Nc7 15. b3 f6 16. Nef3 f5 17. Ne5 Nf7 18. Bb2 fxe4 19. dxe4 Nxe5 20. Bxe5 Qd7 21. Rad1 Bf6 22. Bxf6 gxf6 23. f5 e5 24. exd5 Nxd5 25. Nc4 Rad8 26. Ne3 Qf7 27. Nxd5 cxd5 28. Qd2 d4 29. Qxh6 Kh8 30. g5 fxg5 31. f6 Qd7 32. Qxg5 Rde8 33. Rf2 Rf7 34. Rg1 e4 35. Rf4 e3 36. Qd5 Bxc2 37. Rxd4 Qxd5 38. Rxd5 Rxf6 39. Re1 e2 40. Kh2 Re7 41. Rd2 Bd1 42. Rd3 Ref7 43. Rd8+ Kg7 44. Rg1 Rf2 45. Kh3 Kf6 46. Rdxd1 exd1=Q 47. Rxd1 Kg5 48. Rd5+ Kh6 49. Be4 Re7 50. Bg6 Rxa2 51. Rd6 Ra6 52. Rd3 Rb6 53. Kg4 Rf6 54. Rd4 a5 55. Rd5 b6 56. Rd8 Kg7 57. Rd5 Rc6 58. Kf4 Rc3 59. Rd6 b5 60. Bf5 Kf7 61. h6 Rb7 62. Rd8 Rb6 63. h7 Rh6 64. Kg5 Rxh7 65. Rd7+ Ke8 66. Rxh7 Rxb3 67. Kf6 Kd8 68. Rd7+ Ke8 69. Rc7 1-0

[Event "Condigne Dutch Open 2018"]
[Site "Dieren"]
[Date "2018.07.27"]
[Round "4"]
[White "Chanda, Sandipan"]
[Black "Leenhouts, Koen"]
[Result "1/2-1/2"]
[ECO "D02"]
[WhiteElo "2548"]
[BlackElo "2483"]
[Annotator "ChessBase"]
[PlyCount "155"]
[EventDate "2018.07.24"]
[EventType "swiss"]
[EventCountry "NED"]
[SourceTitle "playchess.com"]
[Source "ChessBase"]
[SourceQuality "1"]
[TimeControl "40/5400+30:1800+30"]

1. d4 d5 2. Nf3 Nf6 3. Bf4 e6 4. e3 Bd6 5. Bg3 O-O 6. c4 b6 7. cxd5 exd5 8. Nc3 Re8 9. Bxd6 Qxd6 10. Be2 c5 11. O-O Nc6 12. Rc1 Bg4 13. h3 Bh5 14. dxc5 bxc5 15. Na4 Ne4 16. Nxc5 Nxc5 17. Qc2 Bxf3 18. Bxf3 Ne5 19. Qxc5 Nxf3+ 20. gxf3 Qf6 21. Qxd5 Rad8 22. Qb7 Qg6+ 23. Kh2 Rxe3 24. Rfd1 Red3 25. Rxd3 Qxd3 26. Rc8 h5 27. Rxd8+ Qxd8 28. Qxa7 Qd5 29. b4 Qxf3 30. Qe3 Qd5 31. a3 Qd6+ 32. Kg1 Qd1+ 33. Kg2 Qd5+ 34. Qf3 Qg5+ 35. Kh2 Qe5+ 36. Qg3 Qd4 37. Qe3 Qd6+ 38. Qg3 Qd4 39. b5 h4 40. Qe3 Qd6+ 41. f4 Qd5 42. b6 Qa2+ 43. Kg1 Qb1+ 44. Kf2 Qc2+ 45. Kf3 f5 46. Qd4 Qb3+ 47. Ke2 Qc2+ 48. Ke3 Kh7 49. Qb4 Qc1+ 50. Kd4 Qxf4+ 51. Kd5 Qf3+ 52. Ke6 Qc6+ 53. Kxf5 Qf3+ 54. Ke5 Qf6+ 55. Kd5 Qd8+ 56. Qd6 Qa8+ 57. Ke6 Qe8+ 58. Kf5 Qh5+ 59. Kf4 Qe2 60. Kg5 Qe4 61. Kh5 g6+ 62. Kg5 Qf5+ 63. Kxh4 Qf2+ 64. Kg4 Qg2+ 65. Qg3 Qe4+ 66. Qf4 Qe6+ 67. Kg5 Qe7+ 68. Qf6 Qc5+ 69. Kh4 Qc4+ 70. Kg3 Qd3+ 71. Kf4 Qf1+ 72. Ke5 Qb5+ 73. Ke4 Qe2+ 74. Kd5 Qb5+ 75. Ke6 Qxb6+ 76. Kf7 Qb3+ 77. Qe6 Qf3+ 78. Qf6 1/2-1/2

[Event "Condigne Dutch Open 2018"]
[Site "Dieren"]
[Date "2018.07.27"]
[Round "4"]
[White "Pruijssers, Roeland"]
[Black "Anand Nadar"]
[Result "1/2-1/2"]
[ECO "A14"]
[WhiteElo "2501"]
[BlackElo "2346"]
[Annotator "RC"]
[PlyCount "105"]
[EventDate "2018.07.24"]
[EventType "swiss"]
[EventCountry "NED"]
[SourceTitle "playchess.com"]
[Source "ChessBase"]
[SourceQuality "1"]
[TimeControl "40/5400+30:1800+30"]

1. c4 e6 2. g3 Nf6 3. Nf3 d5 4. Bg2 Be7 5. b3 O-O 6. O-O b6 7. Bb2 c5 8. e3 Bb7 9. Qe2 Nc6 10. Rd1 Rc8 11. d3 Re8 12. Nbd2 Qc7 13. Rac1 e5 14. cxd5 Nxd5 15. Nc4 Bf8 16. a3 Rcd8 17. Qf1 Qb8 18. h3 g6 19. Kh2 Bg7 20. Ba1 Ba8 21. Qh1 h6 22. Nfd2 Nde7 23. Ne4 f5 24. Nc3 b5 25. Nb2 a6 26. Rd2 Na5 27. Qd1 Bxg2 28. Kxg2 c4 29. bxc4 bxc4 30. Rb1 Nb3 31. Re2 cxd3 32. Nxd3 Qa8+ 33. e4 Nc5 34. Nxc5 Rxd1 35. Rxd1 Qc6 36. Nd3 fxe4 37. Nxe4 Qa4 38. Rdd2 Nf5 39. Ndc5 Qc6 40. f3 Nd4 41. Re3 Rb8 42. Bb2 a5 43. Rc3 Qd5 44. h4 Qa2 45. Nd3 Rf8 46. Rc7 Nxf3 47. Bxe5 Nxd2 48. Rxg7+ Kh8 49. Rxg6+ Kh7 50. Rg7+ Kh8 51. Rd7+ Kg8 52. Nc1 Qxa3 53. Rg7+ 1/2-1/2

[Event "Condigne Dutch Open 2018"]
[Site "Dieren"]
[Date "2018.07.27"]
[Round "4"]
[White "Beerdsen, Thomas"]
[Black "De Jong, Migchiel"]
[Result "1-0"]
[ECO "C16"]
[WhiteElo "2469"]
[BlackElo "2339"]
[Annotator "ChessBase"]
[PlyCount "57"]
[EventDate "2018.07.24"]
[EventType "swiss"]
[EventCountry "NED"]
[SourceTitle "playchess.com"]
[Source "ChessBase"]
[SourceQuality "1"]
[TimeControl "40/5400+30:1800+30"]

1. e4 e6 2. d4 d5 3. Nc3 Bb4 4. e5 Ne7 5. a3 Bxc3+ 6. bxc3 b6 7. Qg4 Ng6 8. h4 h5 9. Qd1 c5 10. Bb5+ Bd7 11. Bd3 Ba4 12. Bg5 Qc7 13. Ne2 Nd7 14. O-O Ngf8 15. Ng3 f6 16. Bf4 fxe5 17. Bg5 g6 18. f4 e4 19. Nxe4 dxe4 20. Bxe4 Rc8 21. d5 c4 22. dxe6 Nc5 23. Qd4 Rg8 24. e7 Nfe6 25. Qf6 Nxe4 26. Qxe6 Qc5+ 27. Kh2 Bxc2 28. Qxg8+ Kd7 29. Qd8+ 1-0

[Event "Condigne Dutch Open 2018"]
[Site "Dieren"]
[Date "2018.07.27"]
[Round "4"]
[White "Vrolijk, Liam"]
[Black "Saravanan, V.."]
[Result "1-0"]
[ECO "E18"]
[WhiteElo "2419"]
[BlackElo "2326"]
[Annotator "NA"]
[PlyCount "47"]
[EventDate "2018.07.24"]
[EventType "swiss"]
[EventCountry "NED"]
[SourceTitle "playchess.com"]
[Source "ChessBase"]
[SourceQuality "1"]
[TimeControl "40/5400+30:1800+30"]

1. d4 Nf6 2. c4 e6 3. Nf3 b6 4. g3 Bb7 5. Bg2 Be7 6. O-O O-O 7. Nc3 Ne4 8. Bd2 Bf6 9. Ne5 Nxc3 10. Bxc3 Bxg2 11. Kxg2 d5 12. Qd3 Bxe5 13. dxe5 dxc4 14. Qxc4 Qd5+ 15. Qxd5 exd5 16. Rad1 c6 17. e4 dxe4 18. Rfe1 Na6 19. Rxe4 Rfd8 20. Rxd8+ Rxd8 21. Ra4 Nc7 22. Rxa7 Nd5 23. e6 Nxc3 24. Rd7 1-0

[Event "Condigne Dutch Open 2018"]
[Site "Dieren"]
[Date "2018.07.27"]
[Round "4"]
[White "Beukema, Stefan"]
[Black "Van Osch, Mees"]
[Result "1/2-1/2"]
[ECO "C12"]
[WhiteElo "2404"]
[BlackElo "2324"]
[Annotator "NA"]
[PlyCount "29"]
[EventDate "2018.07.24"]
[EventType "swiss"]
[EventCountry "NED"]
[SourceTitle "playchess.com"]
[Source "ChessBase"]
[SourceQuality "1"]
[TimeControl "40/5400+30:1800+30"]

1. e4 e6 2. d4 d5 3. Nc3 Nf6 4. Bg5 Bb4 5. e5 h6 6. Bd2 Bxc3 7. bxc3 Ne4 8. Qg4 Kf8 9. Bd3 Nxd2 10. Kxd2 c5 11. h4 Nc6 12. Rh3 c4 13. Bf1 b5 14. Ne2 Bd7 15. Qf4 1/2-1/2

[Event "Condigne Dutch Open 2018"]
[Site "Dieren"]
[Date "2018.07.27"]
[Round "4"]
[White "Bosboom, Manuel"]
[Black "De Boer, Eelke"]
[Result "0-1"]
[ECO "A48"]
[WhiteElo "2403"]
[BlackElo "2317"]
[Annotator "NA"]
[PlyCount "76"]
[EventDate "2018.07.24"]
[EventType "swiss"]
[EventCountry "NED"]
[SourceTitle "playchess.com"]
[Source "ChessBase"]
[SourceQuality "1"]
[TimeControl "40/5400+30:1800+30"]

1. d4 Nf6 2. Nf3 g6 3. Bg5 Bg7 4. e3 O-O 5. Nbd2 d6 6. c3 h6 7. Bh4 g5 8. Nxg5 hxg5 9. Bxg5 Bf5 10. h4 c5 11. Qf3 Qd7 12. Bxf6 Bxf6 13. g4 Bh7 14. g5 Bg7 15. Bh3 Qc6 16. d5 Qb5 17. Bf5 Bxf5 18. Qxf5 Qxb2 19. Rb1 Qxc3 20. Ke2 c4 21. Ne4 Qd3+ 22. Kf3 e6 23. Qg4 Nd7 24. Kg2 Ne5 25. Qf4 Qxd5 26. Rbd1 Nd3 27. Qg4 Qf5 28. Qxf5 exf5 29. Nxd6 Nb2 30. Rb1 Rfd8 31. Nxf5 Rd2 32. h5 Nd3 33. Rhf1 b6 34. h6 Bh8 35. Kg3 c3 36. Rb5 c2 37. Rd5 Rd1 38. Ne7+ Kf8 0-1

[Event "Condigne Dutch Open 2018"]
[Site "Dieren"]
[Date "2018.07.27"]
[Round "4"]
[White "Schoppen, Casper"]
[Black "Van den Doel, Erik"]
[Result "1/2-1/2"]
[ECO "D45"]
[WhiteElo "2395"]
[BlackElo "2593"]
[Annotator "ChessBase"]
[PlyCount "56"]
[EventDate "2018.07.24"]
[EventType "swiss"]
[EventCountry "NED"]
[SourceTitle "playchess.com"]
[Source "ChessBase"]
[SourceQuality "1"]
[TimeControl "40/5400+30:1800+30"]

1. d4 d5 2. c4 c6 3. Nf3 Nf6 4. Nc3 e6 5. e3 Nbd7 6. Qc2 Bd6 7. g4 Nxg4 8. Rg1 Qf6 9. Rxg4 Qxf3 10. Rxg7 Nf6 11. Rg5 Qh1 12. Bd2 Qxh2 13. O-O-O Bd7 14. e4 Nxe4 15. Nxe4 dxe4 16. Qxe4 O-O-O 17. Bg2 h6 18. Ra5 Rhg8 19. Bf3 Qxf2 20. Rxa7 Kb8 21. Ra5 e5 22. dxe5 Bc7 23. Be3 Bf5 24. Rxd8+ Bxd8 25. Bxf2 Bxe4 26. Ra3 Bf5 27. Bc5 Kc8 28. Kd2 Be6 1/2-1/2

[Event "Condigne Dutch Open 2018"]
[Site "Dieren"]
[Date "2018.07.27"]
[Round "4"]
[White "Shyaamnikhil P"]
[Black "Ivanisevic, Ivan"]
[Result "1/2-1/2"]
[ECO "A49"]
[WhiteElo "2375"]
[BlackElo "2567"]
[Annotator "ChessBase"]
[PlyCount "119"]
[EventDate "2018.07.24"]
[EventType "swiss"]
[EventCountry "NED"]
[SourceTitle "playchess.com"]
[Source "ChessBase"]
[SourceQuality "1"]
[TimeControl "40/5400+30:1800+30"]

1. Nf3 Nf6 2. g3 g6 3. b3 Bg7 4. Bb2 c5 5. Bg2 d6 6. d4 cxd4 7. Nxd4 d5 8. c4 dxc4 9. bxc4 O-O 10. Nd2 Ng4 11. N2b3 Ne5 12. Qc2 Nbc6 13. Nxc6 bxc6 14. f4 Ng4 15. Bxg7 Kxg7 16. Qc3+ Kg8 17. Bxc6 Rb8 18. Bf3 e5 19. h3 Nf6 20. Qxe5 Bb7 21. Rd1 Qb6 22. c5 Qb4+ 23. Kf2 Bxf3 24. exf3 Nh5 25. Rhe1 a5 26. c6 Qb6+ 27. Nd4 Ng7 28. Rb1 Qxb1 29. Rxb1 Rxb1 30. g4 Rb2+ 31. Kg3 Rxa2 32. c7 Rd2 33. Qc5 Rc8 34. Qb6 Ne8 35. Qb8 Nd6 36. Nc6 Re2 37. Na7 Rf8 38. Qd8 Rd2 39. Nc6 Nf5+ 40. gxf5 Rfxd8 41. cxd8=Q+ Rxd8 42. Nxd8 gxf5 43. Nc6 a4 44. Ne7+ Kf8 45. Nxf5 a3 46. Nd4 a2 47. Nc2 Ke7 48. Kf2 Ke6 49. Ke2 Kf5 50. Ke3 Kg6 51. Na1 Kf5 52. Nb3 Kg6 53. Na1 Kf5 54. h4 Kg6 55. Kf2 Kh5 56. Kg3 f5 57. Kh3 Kg6 58. Kg3 Kh5 59. Kh3 Kg6 60. Kg3 1/2-1/2

[Event "Condigne Dutch Open 2018"]
[Site "Dieren"]
[Date "2018.07.27"]
[Round "4"]
[White "Buckels, Valentin"]
[Black "Van Meegen, Ruud"]
[Result "1-0"]
[ECO "A59"]
[WhiteElo "2353"]
[BlackElo "2222"]
[Annotator "NA"]
[PlyCount "69"]
[EventDate "2018.07.24"]
[EventType "swiss"]
[EventCountry "NED"]
[SourceTitle "playchess.com"]
[Source "ChessBase"]
[SourceQuality "1"]
[TimeControl "40/5400+30:1800+30"]

1. d4 Nf6 2. c4 c5 3. d5 b5 4. cxb5 a6 5. bxa6 g6 6. Nc3 Bxa6 7. e4 Bxf1 8. Kxf1 d6 9. g3 Bg7 10. Nf3 O-O 11. Kg2 Nbd7 12. a4 Ra6 13. Qc2 Qa8 14. Ra3 e6 15. dxe6 fxe6 16. Re1 d5 17. exd5 exd5 18. Nb5 Qb7 19. Bf4 d4 20. Nc7 Rb6 21. Qc4+ Kh8 22. Re7 Rb4 23. Qe6 Rb6 24. Qh3 Rxb2 25. Ne6 Ne4 26. Rxg7 Rxf2+ 27. Kh1 Qb1+ 28. Ng1 Ndf6 29. Be5 h5 30. Rxg6 Rf7 31. Qxh5+ Rh7 32. Rh6 Rxh2+ 33. Qxh2 Nf2+ 34. Kg2 Qe4+ 35. Nf3 1-0

[Event "Condigne Dutch Open 2018"]
[Site "Dieren"]
[Date "2018.07.27"]
[Round "4"]
[White "Wiersma, Eelke"]
[Black "Krishnater Kushager"]
[Result "0-1"]
[ECO "C58"]
[WhiteElo "2346"]
[BlackElo "2209"]
[Annotator "NA"]
[PlyCount "44"]
[EventDate "2018.07.24"]
[EventType "swiss"]
[EventCountry "NED"]
[SourceTitle "playchess.com"]
[Source "ChessBase"]
[SourceQuality "1"]
[TimeControl "40/5400+30:1800+30"]

1. e4 e5 2. Nf3 Nc6 3. Bc4 Nf6 4. Ng5 d5 5. exd5 Na5 6. Bb5+ c6 7. dxc6 bxc6 8. Bd3 h6 9. Ne4 Nd5 10. Ng3 Nf4 11. Be4 f5 12. Bf3 e4 13. Nxe4 fxe4 14. Bxe4 Bd6 15. g3 O-O 16. gxf4 Qh4 17. d3 Bg4 18. Qd2 Bxf4 19. Qxf4 Rxf4 20. Bxf4 Qf6 21. Bc1 Rf8 22. f3 Bxf3 0-1

[Event "Condigne Dutch Open 2018"]
[Site "Dieren"]
[Date "2018.07.27"]
[Round "4"]
[White "Maatman, Nick"]
[Black "Krysa, Leandro"]
[Result "1-0"]
[ECO "E35"]
[WhiteElo "2345"]
[BlackElo "2533"]
[Annotator "RC"]
[PlyCount "79"]
[EventDate "2018.07.24"]
[EventType "swiss"]
[EventCountry "NED"]
[SourceTitle "playchess.com"]
[Source "ChessBase"]
[SourceQuality "1"]
[TimeControl "40/5400+30:1800+30"]

1. d4 Nf6 2. c4 e6 3. Nc3 Bb4 4. Qc2 d5 5. cxd5 exd5 6. Bg5 h6 7. Bh4 g5 8. Bg3 Nc6 9. e3 h5 10. Bb5 h4 11. Be5 O-O 12. Bxc6 bxc6 13. Nge2 Ne4 14. Qa4 Bxc3+ 15. Nxc3 Nxf2 16. O-O Ng4 17. Qxc6 Be6 18. Bxc7 Qe8 19. Qd6 Rc8 20. Rae1 f5 21. Nxd5 Rf7 22. e4 Rd7 23. Qa6 f4 24. h3 Bxd5 25. exd5 Ne3 26. d6 Rcxc7 27. dxc7 Rxc7 28. Qd3 Kg7 29. Rc1 Rd7 30. Rfe1 Qe6 31. Rc5 Kh6 32. d5 Qf7 33. Rc6+ Kg7 34. Qd4+ Kh7 35. Qd3+ Kg7 36. Qd4+ Kh7 37. Qe4+ Kg7 38. Qe5+ Kh7 39. Qxg5 Nf5 40. Rf6 1-0

[Event "Condigne Dutch Open 2018"]
[Site "Dieren"]
[Date "2018.07.27"]
[Round "4"]
[White "Rajesh, V A V"]
[Black "De Boer, Bas"]
[Result "1-0"]
[ECO "D11"]
[WhiteElo "2309"]
[BlackElo "2139"]
[Annotator "NA"]
[PlyCount "89"]
[EventDate "2018.07.24"]
[EventType "swiss"]
[EventCountry "NED"]
[SourceTitle "playchess.com"]
[Source "ChessBase"]
[SourceQuality "1"]
[TimeControl "40/5400+30:1800+30"]

1. d4 d5 2. c4 c6 3. Nf3 Nf6 4. e3 Bg4 5. h3 Bh5 6. Nc3 e6 7. g4 Bg6 8. Ne5 Nbd7 9. Nxg6 hxg6 10. cxd5 exd5 11. Bg2 g5 12. Qd3 Be7 13. Bd2 Nf8 14. O-O-O Ng6 15. f4 Nh4 16. fxg5 Nd7 17. Qe2 Nxg2 18. Qxg2 Bxg5 19. e4 Bxd2+ 20. Rxd2 dxe4 21. Qxe4+ Qe7 22. Re2 Qxe4 23. Nxe4 O-O 24. Nd6 b6 25. Rf1 Nf6 26. Re7 Rfd8 27. Nxf7 Rxd4 28. Ng5 Rd7 29. Rxd7 Nxd7 30. Rf7 Nf8 31. Rc7 c5 32. Rb7 Nh7 33. Ne6 g5 34. Rg7+ Kh8 35. Re7 Kg8 36. Kd2 Rc8 37. Rg7+ Kh8 38. Rxa7 Re8 39. Ng7 Re5 40. Nh5 Nf8 41. Ra8 Kg8 42. Ra7 Rd5+ 43. Ke3 Rd1 44. Nf6+ Kh8 45. Rf7 1-0

[Event "Condigne Dutch Open 2018"]
[Site "Dieren"]
[Date "2018.07.27"]
[Round "4"]
[White "Beukema, Jasper"]
[Black "Godbole, Atharva"]
[Result "1-0"]
[ECO "A47"]
[WhiteElo "2299"]
[BlackElo "2128"]
[Annotator "NA"]
[PlyCount "63"]
[EventDate "2018.07.24"]
[EventType "swiss"]
[EventCountry "NED"]
[SourceTitle "playchess.com"]
[Source "ChessBase"]
[SourceQuality "1"]
[TimeControl "40/5400+30:1800+30"]

1. d4 Nf6 2. Bg5 e6 3. Nd2 c5 4. e3 b6 5. Ngf3 Bb7 6. Bd3 Be7 7. c3 d6 8. e4 Nbd7 9. O-O O-O 10. Re1 Re8 11. e5 dxe5 12. dxe5 Nd5 13. Bxe7 Qxe7 14. Be4 Nf8 15. Nc4 Red8 16. Nd6 f5 17. exf6 Qxd6 18. fxg7 Kxg7 19. c4 Rab8 20. cxd5 exd5 21. Bc2 Re8 22. Nh4 Qf6 23. Qg4+ Kh8 24. Qh5 Bc6 25. Nf5 Qxb2 26. Qg5 Qc3 27. Rec1 Qe5 28. f4 Ne6 29. Qh6 Nxf4 30. Ng3 Qc7 31. Qf6+ Kg8 32. Nf5 1-0

[Event "Condigne Dutch Open 2018"]
[Site "Dieren"]
[Date "2018.07.27"]
[Round "4"]
[White "Ashwath, R."]
[Black "Van Foreest, Lucas"]
[Result "1/2-1/2"]
[ECO "E13"]
[WhiteElo "2285"]
[BlackElo "2488"]
[Annotator "RC"]
[PlyCount "68"]
[EventDate "2018.07.24"]
[EventType "swiss"]
[EventCountry "NED"]
[SourceTitle "playchess.com"]
[Source "ChessBase"]
[SourceQuality "1"]
[TimeControl "40/5400+30:1800+30"]

1. d4 Nf6 2. c4 e6 3. Nc3 Bb4 4. Nf3 b6 5. Bg5 h6 6. Bh4 g5 7. Bg3 Ne4 8. Qc2 Bb7 9. Nd2 f5 10. f3 Nxg3 11. hxg3 Qf6 12. e3 Nc6 13. O-O-O O-O-O 14. a3 Bxc3 15. Qxc3 h5 16. Be2 Qg7 17. Nb1 Ne7 18. d5 Qxc3+ 19. Nxc3 exd5 20. cxd5 d6 21. Bd3 Rdf8 22. Rh2 Rh6 23. Rdh1 Rfh8 24. e4 f4 25. gxf4 gxf4 26. Ne2 Ng6 27. Rh4 Nxh4 28. Rxh4 c6 29. dxc6 Bxc6 30. Nxf4 Kd7 31. Kd2 Ke7 32. b4 Be8 33. Nd5+ Kd8 34. Ne3 Bd7 1/2-1/2

[Event "Condigne Dutch Open 2018"]
[Site "Dieren"]
[Date "2018.07.27"]
[Round "4"]
[White "Heemskerk, Wim"]
[Black "Hausrath, Daniel"]
[Result "0-1"]
[ECO "E91"]
[WhiteElo "2240"]
[BlackElo "2495"]
[Annotator "RC"]
[PlyCount "54"]
[EventDate "2018.07.24"]
[EventType "swiss"]
[EventCountry "NED"]
[SourceTitle "playchess.com"]
[Source "ChessBase"]
[SourceQuality "1"]
[TimeControl "40/5400+30:1800+30"]

1. Nf3 Nf6 2. c4 g6 3. Nc3 Bg7 4. e4 d6 5. d4 O-O 6. Be2 c5 7. O-O Nc6 8. d5 Na5 9. h3 e5 10. a3 b6 11. Ne1 Qe7 12. b4 Nb7 13. Nd3 Nd7 14. Bd2 f5 15. Bf3 Nf6 16. Re1 f4 17. Rb1 g5 18. Nb5 Rf7 19. a4 Bf8 20. a5 cxb4 21. axb6 axb6 22. Nxb4 Rg7 23. Nc6 Qe8 24. Nba7 g4 25. Nxc8 gxf3 26. Nxb6 Rxg2+ 27. Kf1 Rg1+ 0-1